 Dungeon Crawl Stone Soup version 0.31-a0-986-g5e6e4ef867 (webtiles) character file.

Game seed: 6255154025713084790

592 monsoonserge the Ruffian (level 7, 0/50 HPs)
             Began as a Merfolk Shapeshifter on Nov 17, 2023.
             Succumbed to a gnoll's poison
             ... on level 5 of the Dungeon.
             The game lasted 00:09:10 (3803 turns).

monsoonserge the Ruffian (Merfolk Shapeshifter)     Turns: 3803, Time: 00:09:11

Health: 0/50       AC:  5    Str: 16    XL:     7   Next: 39%
Magic:  7/7        EV: 17    Int: 10    God:
Gold:   109        SH:  0    Dex: 13    Spells: 6/6 levels left

rFire   + . .        u - +5 flail "Quic" {speed, rF+}
rCold   . . .        (no shield)
rNeg    . . .        k - +0 ring mail
rPois   .            (helmet currently unavailable)
rElec   .            (cloak currently unavailable)
rCorr   .            (gloves currently unavailable)
SInv    .            (boots currently unavailable)
Will    +....        (no amulet)
Stlth   +            x - +5 ring of evasion
HPRegen 0.28/turn    (no ring)
MPRegen 0.10/turn

%: no passive effects
@: lethally poisoned (0 -> -5), beast-form, enlightened, flying
A: beast (slay +2), (nimble swimmer 2), mertail
a: Begin Untransformation


You were on level 5 of the Dungeon.
You were a hulking beast.
You visited 1 branch of the dungeon, and saw 5 of its levels.

You collected 109 gold pieces.

Inventory:

Hand Weapons
 u - the +5 flail "Quic" (weapon) {speed, rF+}
   (You found it on level 3 of the Dungeon)

   rF+:       It protects you from fire.
Missiles
 r - 2 poisoned darts (quivered)
Armour
 a - a +0 animal skin
 h - a scarf of repulsion
 i - a +0 leather armour
 k - a +0 ring mail (worn)
 y - a +0 pair of boots
Jewellery
 x - a +5 ring of evasion (left hand)
Talismans
 c - a beast talisman (active)
 d - a flux talisman
Wands
 q - a wand of flame (30)
Scrolls
 e - a scroll of amnesia {unknown}
 f - 2 scrolls of fear {unknown}
 g - 4 scrolls of identify {unknown}
 w - a scroll of teleportation {unknown}
Potions
 b - a potion of lignification
 j - a potion of heal wounds {unknown}
 l - a potion of enlightenment
 m - a potion of brilliance {unknown}
 n - 2 potions of curing {unknown}
 o - a potion of magic {unknown}
 p - a potion of haste {unknown}
 s - a potion of invisibility {unknown}
 t - a potion of attraction {unknown}
 v - a potion of resistance {unknown}


   Skills:
 + Level 2.0 Fighting
 + Level 2.2 Maces & Flails
 + Level 2.1 Armour
 + Level 4.3 Dodging
 - Level 1.0 Stealth
 - Level 6.2 Unarmed Combat
 + Level 4.9 Shapeshifting


You had 6 spell levels left.
You didn't know any spells.
Your spell library contained the following spells:

 Spells                   Type           Power      Damage    Failure   Level
 Cigotuvi's Dreadful Rot  Necr/Pois/Air  0%         N/A       71%         2
 Ignite Poison            Fire/Tmut/Pois 0%         N/A       91%         3
 Anguish                  Hex/Necr       0%         N/A       100%        4
 Cause Fear               Hex            0%         N/A       100%        4
 Vhi's Electric Charge    Tloc/Air       0%         N/A       100%        4
 Arcjolt                  Conj/Air       0%         1d10      100%        5
 Freezing Cloud           Conj/Ice/Air   0%         6-21      100%        5
 Enfeeble                 Hex            0%         N/A       100%        7
 Maxwell's Capacitive Co  Air            0%         ∞         100%        8


Dungeon Overview and Level Annotations

Branches:
Dungeon (5/15)
 Temple: D:4-7

Altars:

Annotations:
D:3 2 runed translucent doors, Crazy Yiuf; Moreman's ghost, amateur DrIE


Innate Abilities, Weirdness & Mutations

You are a hulking beast.
Your limbs bulge with bestial killing power. (Slay +2)
((You are very nimble when in or above water. (Stealth+, EV+, Speed+++)))
Your lower body shifts to a powerful aquatic tail in water.


Message History

The gnoll hits you with a +0 club. The gnoll completely misses you.
You thump the gnoll!
You kill the gnoll!
The gnoll closely misses you. The gnoll hits you with a +0 spear.
The gnoll completely misses you.
The gnoll hits you with a +2 halberd of venom!
You are poisoned.
You see here a +0 club.
You feel very sick. The gnoll misses you.
The gnoll hits you from afar with a +2 halberd of venom.
You are more poisoned.
You feel very sick.
You feel very sick. The gnoll hits you with a +0 spear.
The gnoll hits you but does no damage. The gnoll misses you.
You hit the gnoll.
The gnoll is lightly wounded.
* * * LOW HITPOINT WARNING * * *
You feel very sick. The gnoll barely misses you.
The gnoll completely misses you. The gnoll hits you but does no damage.
You closely miss the gnoll.
The gnoll is lightly wounded.
* * * LOW HITPOINT WARNING * * *
You feel very sick. The gnoll hits you with a +0 spear.
* * * LOW HITPOINT WARNING * * *
The gnoll completely misses you.
* * * LOW HITPOINT WARNING * * *
You feel sick.
Unknown command.
* * * LOW HITPOINT WARNING * * *
You feel sick.
* * * LOW HITPOINT WARNING * * *
You feel sick.
It was a potion of enlightenment.
You feel very buoyant.
You fly up into the air.
You die...

.... #..#####################
##..##...#..#...#..#.##.##
#........................#
#........................#
#.................[......#
#.............h..........#
#........................#
##.##....###...##g####..## #
####.##########+###)########...
...............................
...................w....†......
...............................
..............................?
...............................


You could see a gnoll.

Vanquished Creatures
  An ogre (D:3)
  A scorpion (D:4)
  4 hounds
  Terence (D:2)
  Natasha (thrice) (D:3)
  6 gnolls
  6 adders
  4 worms
  3 dart slugs
  5 orcs (D:4)
  8 ball pythons
  3 bats
  9 endoplasms
  6 giant cockroaches
  9 goblins
  10 hobgoblins
  4 jackals
  4 kobolds
  5 quokkas
  2 frilled lizards
  5 rats (D:1)
99 creatures vanquished.

Notes
Turn   | Place    | Note
-------+----------+-------------------------------------------
     0 | D:1      | monsoonserge the Merfolk Shapeshifter began the quest for
                  | the Orb.
     0 | D:1      | Reached XP level 1. HP: 15/15 MP: 1/1
    99 | D:1      | Reached XP level 2. HP: 20/21 MP: 2/2
   321 | D:1      | Reached XP level 3. HP: 26/26 MP: 3/3
   326 | D:1      | Reached skill level 4 in Unarmed Combat
   764 | D:1      | Found a faded altar of an unknown god.
  1096 | D:2      | Reached XP level 4. HP: 10/32 MP: 4/4
  1660 | D:2      | Noticed Terence
  1674 | D:2      | Killed Terence
  1675 | D:2      | Reached skill level 5 in Unarmed Combat
  1675 | D:2      | Reached XP level 5. HP: 8/37 MP: 5/5
  2011 | D:3      | Found a runed translucent door.
  2012 | D:3      | Noticed Crazy Yiuf
  2085 | D:3      | Noticed Natasha
  2091 | D:3      | Killed Natasha
  2315 | D:3      | Noticed Natasha
  2328 | D:3      | Killed Natasha
  2418 | D:3      | Found a runed translucent door.
  2419 | D:3      | Noticed a centaur
  2419 | D:3      | Noticed Moreman's ghost (amateur DrIE)
  2491 | D:3      | Noticed Natasha
  2500 | D:3      | Killed Natasha
  2501 | D:3      | Reached skill level 6 in Unarmed Combat
  2547 | D:3      | Reached XP level 6. HP: 43/43 MP: 6/6
  2643 | D:3      | Identified the +5 flail "Quic" {speed, rF+}
  2822 | D:3      | Reached skill level 1 in Armour
  3149 | D:4      | Reached skill level 1 in Maces & Flails
  3149 | D:4      | Reached skill level 1 in Stealth
  3204 | D:4      | Reached XP level 7. HP: 49/49 MP: 7/7
  3647 | D:5      | Entered Level 5 of the Dungeon
  3801 | D:5      | HP: 2/50 [poisoned by a gnoll]
  3803 | D:5      | Succumbed to a gnoll's poison

Illustrated notes

Levels and vault maps discovered:
D:1:      dpeg_arrival_court, layout_basic,
          shapermc_ecumenical_altar_flowoftime, minmay_close_crescents
D:2:      layout_basic, uniq_terence
D:3:      layout_loops_ring, ebering_ghost_inner_flame, hangedman_decor_growths,
          uniq_crazy_yiuf_cottage, uniq_natasha
D:4:      layout_loops_ring
D:5:      layout_gridville, nzn_wu_jian_contemplation, minmay_misc_feat_room

Skill      XL: |  1  2  3  4  5  6  7 |
---------------+----------------------+-----
Dodging        | 3 4 |  4.3
Unarmed Combat | 4 5 6 |  6.2
Armour         | 1 2 |  2.1
Maces & Flails | 1 2 |  2.2
Stealth        | 1 |  1.0
Fighting       | 2 |  2.0
Shapeshifting  | |  4.9

Action                     |  1- 3 |  4- 6 |  7- 9 || total
---------------------------+-------+-------+-------++-------
  Melee: Unarmed           |   104 |    92 |       ||   196
         Punch             |     5 |     4 |       ||     9
         Flail             |       |    40 |    37 ||    77
    Use: Potion            |       |       |     1 ||     1
   Stab: Sleeping          |     1 |       |       ||     1
 Armour: Animal skin       |    40 |       |       ||    40
         Leather armour    |     6 |     4 |       ||    10
         Ring mail         |       |    59 |    20 ||    79
  Dodge: Dodged            |    63 |    82 |    33 ||   178
   Form: Beast             |       |     1 |       ||     1
         Flux              |       |     1 |       ||     1

Table legend: (Time is in decaauts)
 A = Elapsed time spent in this place.
 B = Non-inter-level travel time spent in this place.
 C = Inter-level travel time spent in this place.
 D = Time resting spent in this place.
 E = Time spent auto-exploring this place.
 F = Levels seen in this place.
 G = Mean time per level.
                   A        B        C        D        E       F      G
               +--------+--------+--------+--------+--------+-----+--------+
         Total |   3796 |   3672 |    124 |    520 |   2167 |   5 |  759.2 |
       Dungeon |   3796 |   3672 |    124 |    520 |   2167 |   5 |  759.2 |
               +--------+--------+--------+--------+--------+-----+--------+

Top non-repeatable levels by time:
     D:1: 1278 daAuts
     D:3: 1031 daAuts
     D:4: 697 daAuts
     D:2: 635 daAuts
     D:5: 153 daAuts
